cohdb
Replays
Latest Replays
All Replays
Popular Replays
Top Player Replays
Match Explorer
How It Works
Community
CoH3 Stats
Reddit
Sign in to upload your games and track your stats! →
Sign in with Steam
Match 42424465
Unlisted
Match 42424465
Overview
Messages
Build Orders
End
Construct Section Command Post
Royal Engineer Section
Infantry Section
Infantry Section
Infantry Section
Selects Canadian Shock Battlegroup
Construct Platoon Command Post
Unlock M3 Stuart Light Tanks
Selects Attacking Spirit
Selects Canadian Shock Section
Selects Incendiary Munitions
Selects Incendiary Munitions
M3 Stuart Light Tank
M3 Stuart Light Tank
BIOHAZARD
Nikname2303
0
0
Comments
sign in to comment!
No comments posted yet!